Map: Acid Plant LE

Players

BlackDragon - Winner!

  • Race: Terran Terran
  • League: Master
  • Spawn Location: 5:00

Fox

  • Race: Zerg Zerg
  • League: Master
  • Spawn Location: 11:00

VOD

Have the link to the VOD?

Description

Time

  • Played on: July 1, 2018, 11:08 p.m.
  • Length: 27:51
Show
View Real Time Build Order
Export as new Build Order

BlackDragon Terran - Winner!

Build Orders: Hellion Banshee, Mech 

Get SALT Encoding   

  12  0:00  SCV  
  13  0:13  SCV  
  14  0:17  Supply Depot  
  14  0:25  SCV  
  15  0:29  Refinery  
  15  0:38  SCV  
  16  0:45  Barracks  
  16  0:51  SCV  
  17  1:03  SCV  
  18  1:15  SCV  
  20  1:35  Orbital Command, Reaper  
  20  1:49  Command Center  
  20  2:02  Factory  
  20  2:05  SCV  
  20  2:08  Barracks Reactor  
  21  2:16  Supply Depot  
  21  2:17  SCV  
  21  2:22  Refinery  
  23  2:30  SCV  
  23  2:45  SCV  
  23  2:50  Starport  
  24  2:56  Hellion x2  
  24  2:57  Barracks Tech Lab  
  28  2:59  SCV  
  29  3:06  Orbital Command  
  29  3:13  SCV  
  29  3:19  Hellion x2  
  34  3:33  Cloaking Field, Viking  
  36  3:36  SCV  
  36  3:37  SCV  
  38  3:42  Supply Depot  
  38  3:49  Hellion x2  
  38  3:52  SCV  
  43  3:57  SCV  
  44  4:05  Banshee  
  44  4:07  SCV  
  48  4:10  Supply Depot  
  48  4:14  Hellion x2  
  52  4:30  SCV x2  
  54  4:35  Command Center  
  54  4:42  Hellion x2  
  54  4:44  SCV x2  
  60  4:53  Armory  
  60  4:59  Supply Depot  
  60  5:02  Refinery  
  60  5:03  Refinery  
  60  5:07  Factory  
  60  5:12  Factory  
  60  5:17  SCV x2  
  60  5:20  Banshee  
  65  5:21  Barracks Tech Lab  
  65  5:23  Supply Depot  
  65  5:29  SCV x2  
  67  5:41  SCV  
  66  5:46  SCV  
  66  5:47  Terran Vehicle Weapons Level 1  
  67  5:55  Supply Depot  
  67  5:57  Factory Tech Lab  
  67  6:00  Factory  
  67  6:04  Factory  
  67  6:08  SCV x2, Banshee  
  72  6:12  Hyperflight Rotors  
  72  6:13  Orbital Command  
  72  6:21  SCV x2  
  74  6:27  Supply Depot  
  74  6:33  Engineering Bay  
  74  6:36  SCV x2  
  76  6:48  Factory Tech Lab  
  76  6:49  Factory Reactor  
  76  6:50  Armory, Siege Tank x2  
  82  7:00  Banshee  
  85  7:05  Refinery  
  85  7:07  Refinery  
  85  7:09  Supply Depot, SCV x3  
  88  7:17  Command Center  
  88  7:18  Sensor Tower  
  88  7:23  Supply Depot  
  88  7:24  SCV  
  88  7:25  SCV x2  
  91  7:32  Infernal Pre-Igniter  
  91  7:33  Supply Depot  
  99  7:51  Terran Vehicle Weapons Level 2, Hellion x4  
  99  7:52  Terran Vehicle And Ship Armor Level 1  
  99  7:55  Siege Tank  
  102  8:07  Supply Depot  
  102  8:10  SCV x3  
  105  8:17  Command Center  
  105  8:21  Hellion x4  
  105  8:22  Banshee  
  116  8:41  Starport  
  116  8:46  Supply Depot  
  116  8:48  Supply Depot  
  116  8:51  Barracks  
  116  8:52  Sensor Tower, Missile Turret, Barracks  
  116  8:54  Ghost Academy  
  116  9:03  Barracks Tech Lab  
  116  9:14  Missile Turret  
  107  9:27  Starport Reactor  
  69  10:01  Terran Vehicle And Ship Armor Level 2  
  69  10:06  Siege Tank x3, Barracks Tech Lab  
  69  10:07  Barracks Tech Lab  
  78  10:13  Hellion  
  78  10:14  Hellion x3  
  86  10:19  Banshee  
  86  10:20  Viking x2  
  93  10:22  Terran Vehicle Weapons Level 3  
  93  10:26  SCV x2  
  95  10:30  SCV  
  95  10:35  Hellion x2  
  100  10:38  Siege Tank x2, SCV x2  
  108  10:45  SCV  
  109  10:50  SCV  
  109  10:55  Sensor Tower  
  104  11:09  Hellion x5  
  104  11:22  Command Center  
  104  11:26  SCV x3, Ghost  
  104  11:27  Ghost x2  
  104  11:32  Raven, Medivac  
  115  11:34  Siege Tank x2  
  115  11:38  SCV  
  124  11:49  SCV x2  
  126  11:54  Missile Turret  
  126  11:56  Missile Turret  
  126  11:57  Planetary Fortress  
  126  12:01  Personal Cloaking  
  126  12:05  SCV x3  
  126  12:07  Ghost  
  131  12:10  Siege Tank  
  131  12:15  Missile Turret  
  134  12:19  Missile Turret  
  134  12:20  Supply Depot  
  134  12:24  Raven  
  134  12:25  Sensor Tower, Ghost x2  
  139  12:37  Refinery  
  107  13:16  Command Center  
  107  13:17  Missile Turret  
  107  13:19  Siege Tank x3  
  122  13:22  Hellion  
  122  13:23  Hellion x3  
  122  13:24  Raven  
  122  13:25  Viking x2  
  130  13:36  Missile Turret  
  130  13:43  Terran Vehicle And Ship Armor Level 3  
  130  13:44  Hellion  
  132  13:51  Refinery  
  132  14:01  Orbital Command  
  132  14:08  Missile Turret  
  129  14:24  Viking  
  129  14:25  Viking x2  
  135  14:36  Siege Tank x3  
  144  14:40  SCV x3  
  144  14:43  Orbital Command  
  147  14:52  Missile Turret  
  147  14:53  Missile Turret  
  147  14:54  Viking  
  147  14:55  Starport, Missile Turret  
  147  14:59  Hellion x4  
  157  15:01  Factory  
  156  15:09  Orbital Command  
  146  15:29  Orbital Command  
  146  15:32  Orbital Command  
  146  15:34  Orbital Command  
  146  15:43  Thor x3  
  164  16:28  Thor x2  
  176  16:43  Factory Tech Lab  
  176  16:44  Terran Ship Weapons Level 1  
  176  16:50  Hellion x2, Ghost x2  
  176  16:51  Hellion  
  186  17:04  Nuke  
  186  17:25  Viking  
  186  17:28  Missile Turret  
  186  17:30  Missile Turret  
  186  17:34  Orbital Command  
  186  17:36  Viking x2  
  187  17:53  Missile Turret  
  179  18:20  Viking  
  179  18:21  Viking  
  147  18:37  Ghost x3  
  151  18:44  Orbital Command  
  143  18:49  Hellion x4  
  143  18:50  Siege Tank x3  
  160  19:05  Ghost  
  160  19:07  Raven  
  160  19:08  Terran Ship Weapons Level 2  
  160  19:09  Ghost x2  
  162  19:29  SCV x5  
  167  19:39  Siege Tank x2  
  167  19:40  Siege Tank  
  162  20:28  Thor  
  162  20:29  Thor x2  
  162  20:31  Hellion  
  162  20:34  Supply Depot  
  179  20:36  Refinery  
  179  20:55  Raven, Hellion x3  
  187  21:00  Factory  
  187  21:11  Refinery  
  187  21:13  Supply Depot  
  187  21:14  Supply Depot  
  187  21:34  Ghost x2  
  187  21:35  Hellion x3  
  187  21:38  Ghost  
  199  21:46  Factory  
  193  22:10  Ghost x3  
  162  22:39  Siege Tank x3  
  171  22:44  Factory Tech Lab  
  171  22:55  Factory Tech Lab  
  132  23:28  Thor x4  
  132  23:34  Hellion x5  
  151  23:38  Viking x2  
  152  23:48  Ghost x3  
  151  23:51  Starport Reactor  
  156  24:07  Orbital Command  
  156  24:09  Raven, Orbital Command  
  158  24:13  Orbital Command  
  158  24:14  Orbital Command, Thor x2, Hellion x3  
  176  24:19  Hellion x4  
  184  24:35  Hellion x2  
  184  24:36  Hellion  
  188  24:41  Hellion  
  186  25:00  Orbital Command  
  186  25:01  Ghost x3  
  186  25:03  Hellion x4  
  178  25:35  Hellion x3  
  178  25:36  Hellion x6  
Show
View Real Time Build Order
Export as new Build Order

Fox Zerg 

Build Orders: Hatch First 

Get SALT Encoding   

  12  0:00  Drone  
  13  0:13  Overlord  
  13  0:17  Drone  
  14  0:32  Drone x2  
  16  0:36  Drone  
  17  0:46  Extractor  
  17  0:53  Hatchery  
  17  0:55  Drone  
  17  0:59  Drone  
  18  1:10  Extractor  
  17  1:14  Spawning Pool  
  17  1:17  Drone  
  17  1:21  Drone  
  18  1:29  Drone  
  19  1:39  Overlord  
  19  1:51  Overlord  
  19  2:01  Queen  
  19  2:02  Zergling x2  
  19  2:04  Queen  
  19  2:05  Zergling x2  
  25  2:13  Drone  
  26  2:17  Drone  
  26  2:19  Metabolic Boost  
  27  2:25  Drone  
  27  2:28  Drone  
  29  2:41  Hatchery  
  28  2:45  Drone x2  
  30  2:51  Drone x2  
  30  2:57  Drone  
  33  3:00  Queen  
  35  3:08  Drone  
  36  3:13  Drone x2  
  36  3:15  Overlord  
  36  3:17  Drone x2  
  40  3:21  Queen  
  42  3:29  Drone  
  42  3:30  Drone  
  44  3:35  Queen  
  44  3:39  Overlord  
  46  3:42  Zergling x6  
  46  3:48  Drone  
  50  3:51  Drone  
  50  3:52  Drone  
  52  3:57  Queen  
  54  4:06  Drone x3  
  57  4:11  Drone x2  
  57  4:12  Overlord, Spore Crawler, Drone x2  
  57  4:13  Drone  
  61  4:19  Overlord  
  61  4:27  Overlord, Evolution Chamber x2  
  61  4:30  Zergling x2  
  58  4:33  Overlord  
  58  4:35  Spore Crawler  
  58  4:37  Drone  
  58  4:38  Drone x2  
  57  4:40  Spore Crawler  
  57  4:41  Zergling x2  
  57  4:42  Zergling x4  
  59  4:49  Queen  
  59  4:52  Queen  
  61  4:58  Zergling x4  
  65  5:02  Zerg Missile Weapons Level 1, Zerg Ground Armor Level 1  
  65  5:04  Overlord  
  65  5:07  Drone x2  
  65  5:08  Drone  
  68  5:18  Drone x4  
  68  5:19  Drone x4  
  75  5:21  Lair  
  75  5:31  Overlord  
  75  5:33  Extractor  
  74  5:37  Overlord, Extractor  
  73  5:47  Queen  
  75  5:54  Overlord  
  75  5:55  Drone x4  
  75  5:56  Roach Warren  
  78  5:57  Drone x2  
  78  5:58  Drone x3  
  78  5:59  Drone  
  78  6:03  Zergling x12  
  78  6:04  Zergling x2  
  91  6:12  Hatchery  
  91  6:16  Drone  
  91  6:20  Drone x3  
  91  6:21  Drone  
  91  6:22  Extractor  
  91  6:24  Hatchery  
  93  6:27  Drone  
  93  6:37  Spore Crawler, Drone x6  
  93  6:38  Extractor  
  93  6:39  Extractor  
  96  6:49  Overlord  
  96  6:52  Overlord  
  96  6:53  Overseer  
  95  6:56  Hydralisk Den, Drone, Glial Reconstitution  
  95  6:57  Zerg Missile Weapons Level 2  
  94  7:03  Overlord  
  94  7:04  Overseer  
  94  7:07  Drone  
  95  7:13  Zerg Ground Armor Level 2  
  95  7:16  Drone x5  
  95  7:17  Drone x2  
  95  7:18  Overlord  
  95  7:20  Pneumatized Carapace  
  102  7:28  Muscular Augments, Hydralisk x2  
  102  7:29  Roach  
  108  7:30  Zergling x6, Roach  
  108  7:31  Overlord x2, Zergling x2  
  114  7:40  Hydralisk x3  
  120  7:48  Drone x3  
  120  7:50  Overlord x2, Extractor  
  122  7:51  Extractor  
  122  7:52  Roach x4  
  129  7:59  Infestation Pit  
  129  8:03  Spine Crawler, Drone x4  
  129  8:04  Drone  
  132  8:16  Overseer x2  
  132  8:18  Roach  
  132  8:19  Roach x10  
  154  8:20  Overlord  
  154  8:24  Spine Crawler  
  153  8:30  Roach x5  
  153  8:31  Roach  
  165  8:43  Hydralisk x2, Roach x4  
  165  8:45  Overlord  
  177  8:49  Roach  
  177  8:52  Hive  
  179  8:59  Overlord x2  
  179  9:01  Hatchery  
  178  9:08  Hydralisk x6  
  187  9:19  Drone x2  
  187  9:21  Spire  
  187  9:22  Spire  
  178  9:26  Ravager  
  176  9:32  Drone  
  176  9:33  Spine Crawler, Drone x2  
  176  9:35  Spine Crawler  
  176  9:36  Spine Crawler  
  176  9:45  Hydralisk x6  
  162  9:49  Hydralisk x4  
  162  9:50  Hydralisk  
  162  9:52  Hydralisk  
  168  10:04  Hydralisk x4, Grooved Spines  
  168  10:05  Hydralisk  
  178  10:12  Spine Crawler, Drone  
  178  10:13  Spore Crawler, Spine Crawler, Hydralisk  
  171  10:20  Spore Crawler x2  
  167  10:28  Viper x2  
  167  10:32  Overlord  
  173  10:40  Drone x3  
  176  10:43  Viper  
  176  10:46  Zerg Missile Weapons Level 3  
  179  10:59  Spore Crawler  
  179  11:02  Hydralisk x6  
  179  11:04  Overlord x2  
  172  11:06  Overseer  
  172  11:13  Drone x2  
  174  11:21  Zerg Ground Armor Level 3  
  174  11:22  Greater Spire  
  174  11:28  Drone x2  
  174  11:29  Spine Crawler  
  174  11:30  Spore Crawler  
  174  11:32  Extractor  
  173  11:36  Viper  
  176  11:41  Overseer  
  176  11:42  Hydralisk x3  
  176  11:43  Hydralisk  
  176  11:45  Drone  
  185  11:54  Hatchery  
  185  11:59  Drone x3  
  187  12:01  Spine Crawler  
  187  12:02  Viper  
  189  12:15  Extractor  
  188  12:16  Hydralisk x3  
  194  12:23  Drone  
  194  12:26  Evolution Chamber  
  188  12:50  Hydralisk x3  
  166  12:59  Hydralisk x4, Roach x3  
  166  13:02  Hydralisk x6  
  166  13:03  Hydralisk x3  
  166  13:05  Roach x5  
  184  13:06  Roach  
  184  13:10  Overseer x3  
  182  13:19  Drone x3  
  185  13:21  Overseer  
  185  13:22  Spore Crawler x2  
  185  13:25  Pathogen Glands  
  183  13:34  Overseer  
  183  13:43  Corruptor x5  
  183  13:47  Overseer  
  193  14:03  Zerg Flyer Armor Level 1  
  193  14:04  Zerg Flyer Weapons Level 1  
  193  14:21  Hydralisk x2  
  189  14:27  Corruptor  
  189  14:28  Corruptor  
  193  14:40  Brood Lord x2  
  193  14:41  Brood Lord  
  199  15:08  Spore Crawler  
  199  15:10  Spore Crawler  
  195  15:15  Hydralisk  
  195  15:16  Hydralisk x2  
  185  15:21  Corruptor x3  
  185  15:24  Hydralisk x4  
  187  15:32  Brood Lord x2, Corruptor  
  193  15:35  Overlord x3  
  193  15:36  Overlord x2  
  193  15:38  Overseer x3  
  193  15:41  Overseer x2  
  193  15:50  Drone  
  193  15:52  Overlord x2  
  194  16:03  Spore Crawler  
  194  16:04  Spore Crawler x3  
  192  16:05  Spore Crawler  
  192  16:06  Spore Crawler  
  188  16:13  Infestor x2  
  188  16:14  Infestor x3  
  198  16:18  Zerg Melee Weapons Level 1  
  198  16:19  Zerg Flyer Weapons Level 2, Zerg Flyer Armor Level 2  
  198  16:22  Spore Crawler  
  198  16:23  Spore Crawler  
  196  16:34  Corruptor x2  
  200  16:58  Extractor  
  200  16:59  Spore Crawler  
  200  17:00  Spine Crawler x2  
  196  17:02  Extractor  
  196  17:06  Brood Lord x2  
  180  18:24  Hydralisk  
  180  18:25  Hydralisk x5  
  164  18:28  Infestor x6  
  164  18:29  Infestor x5  
  164  18:31  Hydralisk x7  
  164  18:33  Corruptor  
  164  18:34  Corruptor x3  
  192  18:40  Overlord  
  188  18:48  Roach x2  
  188  18:49  Roach x3  
  188  18:51  Corruptor x2  
  188  18:55  Overseer  
  191  19:28  Corruptor  
  191  19:36  Brood Lord x2  
  191  19:37  Brood Lord x2  
  199  19:42  Corruptor  
  199  19:43  Corruptor  
  199  19:47  Zerg Flyer Armor Level 3  
  199  19:48  Zerg Flyer Weapons Level 3  
  195  20:04  Corruptor x2  
  161  20:17  Corruptor x4  
  161  20:18  Corruptor x3  
  161  20:20  Corruptor x3  
  170  20:23  Corruptor, Drone x3  
  170  20:24  Spore Crawler  
  170  20:25  Spore Crawler x2  
  172  20:36  Brood Lord x2  
  172  20:37  Overlord x3, Spore Crawler  
  172  20:39  Spore Crawler, Overseer  
  172  20:40  Overseer  
  174  20:44  Drone x3  
  174  20:47  Drone x2  
  179  20:56  Brood Lord  
  179  20:57  Brood Lord  
  183  21:10  Brood Lord  
  185  21:11  Brood Lord  
  185  21:17  Hatchery  
  186  21:39  Brood Lord  
  190  21:40  Brood Lord x2  
  191  21:55  Brood Lord  
  191  21:59  Hatchery  
  182  22:04  Corruptor x2  
  175  22:12  Corruptor  
  153  22:38  Corruptor x2  
  157  22:47  Infestor  
  159  23:07  Corruptor  
  131  23:31  Corruptor x2  
  133  23:35  Roach  
  133  23:45  Corruptor  
  135  23:52  Zergling x18  
  135  23:53  Zergling x2  
  135  23:55  Extractor  
  144  23:57  Extractor  
  144  24:00  Drone x3  
  144  24:01  Extractor  
  145  24:03  Infestor  
  147  24:10  Extractor  
  147  24:11  Zergling x2  
  147  24:12  Zergling x32  
  163  24:21  Infestor  
  156  24:46  Corruptor x2  
  159  25:06  Extractor  
  158  25:09  Corruptor x2  
Tags
 
Add a new tag
Caveats
  • Supply blocks, unpowered buildings, or Contaminate may cause inaccurate times.
  • Supply counts are checked every 10 seconds.